 Dungeon Crawl Stone Soup version 0.25-a0-566-g062765be81 (webtiles) character file.

Game seed: 8639200353080372118, levelgen mode: deterministic

161 Flugslaktarn the Skirmisher (level 5, -2/47 HPs)
             Began as a Minotaur Fighter on Feb 27, 2020.
             Killed from afar by an orc wizard (8 damage)
             ... with a puff of frost
             ... on level 4 of the Dungeon.
             The game lasted 00:00:30 (1561 turns).

Flugslaktarn the Skirmisher (Minotaur Fighter)      Turns: 1561, Time: 00:00:30

Health: -2/47      AC:  7    Str: 21    XL:     5   Next: 18%
Magic:  4/4        EV:  7    Int:  5    God:
Gold:   117        SH:  9    Dex: 10    Spells: 4/4 levels left

rFire    . . .     SeeInvis .   a - +0 war axe
rCold    . . .     Gourm    .   c - +0 kite shield
rNeg     . . .     Faith    .   b - +0 scale mail
rPois    .         Spirit   .   (helmet restricted)
rElec    .         Reflect  .   (no cloak)
rCorr    .         Harm     .   (no gloves)
MR       .....                  (no boots)
Stlth    ..........             (no amulet)
HPRegen  0.15/turn              (no ring)
MPRegen  0.09/turn              (no ring)

@: no status effects
A: retaliatory headbutt, horns 2
a: no special abilities


You were on level 4 of the Dungeon.
You were very hungry.

You visited 1 branch of the dungeon, and saw 4 of its levels.

You collected 117 gold pieces.

Inventory:

Hand Weapons
 a - a +0 war axe (weapon)
Armour
 b - a +0 scale mail (worn)
 c - a +0 kite shield (worn)
Jewellery
 h - a cursed ring of teleportation {unknown}
   (You found it on level 1 of the Dungeon)
Scrolls
 f - 4 scrolls of identify {unknown}
 g - 2 scrolls of remove curse {unknown}
 i - a scroll of blinking {unknown}
 j - a scroll of noise {unknown}
 k - 2 scrolls of teleportation {unknown}
 m - a scroll of enchant armour {unknown}
Potions
 d - a potion of might
Comestibles
 e - 3 rations


   Skills:
 + Level 4.5 Fighting
 * Level 4.5 Axes
 + Level 4.5 Armour
 + Level 4.5 Shields


You had 4 spell levels left.
You didn't know any spells.
Your spell library was empty.

Dungeon Overview and Level Annotations

Branches:
Dungeon (4/15)
 Temple: D:4-7

Altars:


Innate Abilities, Weirdness & Mutations

You reflexively headbutt those who attack you in melee.
You have a pair of horns on your head.


Message History

The shadow imp hits you.
* * * LOW HITPOINT WARNING * * *
The orc wizard hits you but does no damage.
You hit the orc wizard. Your headbutt misses the orc wizard.
The orc wizard is severely wounded.
You slash the shadow imp! You barely miss the quokka.
You block the quokka's attack. The shadow imp hits you.
* * * LOW HITPOINT WARNING * * *
The orc wizard hits you but does no damage.
The quokka barely misses you. You furiously retaliate!
You headbutt the quokka.
You kill the quokka!
You hit the orc wizard.
The orc wizard is almost dead.
You hit the shadow imp.
You kill the shadow imp!
The orc wizard hits you with a cursed -1 dagger.
* * * LOW HITPOINT WARNING * * *
The orc wizard points at you and mumbles some strange words.
The puff of frost hits you!
You die...

### ..# # #.# ###### #.
#.# ...... ...#####.#
###### . .....#.#
#.....#.)#.###########
####
##........o@...........#
...#
#..#.....#†.#...#.####.#
##.# #..#... #..#...#.#
#.# #.###..## #.###....#
#.# #.#.....# ..#.#....#
#.# ##.#.....##
##.##.##...## #.#
..........# #..#...#....#
#.#
####......###.##...##.#.#
#.#
#.......#..#.....#.#.#
#.#


You could see an orc wizard.

Vanquished Creatures
  An orc wizard (D:3)
  2 worker ants (D:4)
  3 gnolls (D:4)
  2 adders
  A shadow imp (D:4)
  A dart slug (D:1)
  6 orcs
  2 goblins (D:1)
  A hobgoblin (D:1)
  4 jackals (D:1)
  A kobold (D:1)
  A quokka (D:4)
  A frilled lizard (D:2)
  A rat (D:2)
27 creatures vanquished.

Notes
Turn   | Place    | Note
-------+----------+-------------------------------------------
     0 | D:1      | Flugslaktarn the Minotaur Fighter began the quest for the
                  | Orb.
     0 | D:1      | Reached XP level 1. HP: 19/19 MP: 0/0
   112 | D:1      | Reached XP level 2. HP: 23/27 MP: 1/1
   473 | D:3      | Reached XP level 3. HP: 33/33 MP: 2/2
   564 | D:4      | Reached XP level 4. HP: 40/40 MP: 3/3
  1181 | D:4      | Reached XP level 5. HP: 20/47 MP: 4/4
  1561 | D:4      | Killed from afar by an orc wizard

Levels and vault maps discovered:
D:1:      mushboom_english_gardens, layout_loops_corners
D:2:      layout_loops_ring, elyvilon_altar_3
D:3:      minmay_chambers_of_threes, layout_basic, first_ration,
          lightli_corner_chamber, uniq_crazy_yiuf_cottage
D:4:      layout_loops_ring, minmay_unequal

Skill      XL: |  1  2  3  4 |
---------------+-------------+-----
Axes           | 3 4 |  4.5
Fighting       | 4 |  4.5
Armour         | 4 |  4.5
Shields        | 4 |  4.5

Action                   |  1- 3 |  4- 6 || total
-------------------------+-------+-------++-------
Melee: War axe           |    32 |    33 ||    65
       Headbutt          |     6 |     3 ||     9
  Eat: Chunk             |       |     1 ||     1
Armor: Scale mail        |    14 |    11 ||    25
Dodge: Dodged            |     5 |    12 ||    17
Block: Kite shield       |    12 |    17 ||    29

Table legend:
 A = Non-vault XP
 B = Vault XP
 C = Vault XP percentage of total XP
 D = Non-vault monster count
 E = Vault monster count
 F = Vault count percentage of total count
                 A         B        C        D         E       F
            +---------+---------+-------+---------+---------+-------
      Total |     217 |      13 |   5.7 |      25 |       2 |   7.4
            +---------+---------+-------+---------+---------+-------
        D:1 |      20 |       0 |   0.0 |       9 |       0 |   0.0
        D:2 |      16 |       0 |   0.0 |       3 |       0 |   0.0
        D:3 |      46 |       0 |   0.0 |       3 |       0 |   0.0
        D:4 |     135 |      13 |   8.8 |      10 |       2 |  16.7
            +---------+---------+-------+---------+---------+-------
